 Dungeon Crawl Stone Soup version 0.32-a0-630-g46d191b0ed (webtiles) character file.

Game seed: 16569945245778601353

28 Schmookums the Ruffian (level 2, 0/28 HPs)
             Began as a Troll Gladiator on Mar 5, 2024.
             Succumbed to a kobold's poison
             ... on level 2 of the Dungeon on Mar 6, 2024.
             The game lasted 00:05:51 (910 turns).

Schmookums the Ruffian (Troll Gladiator)             Turns: 910, Time: 00:05:51

Health: 0/28       AC:  4    Str: 21    XL:     2   Next: 96%
Magic:  1/1        EV: 10    Int:  4    God:
Gold:   97         SH:  0    Dex: 11    Spells: 1/1 levels left

rFire   . .          .
                       - Unarmed
rCold   . . .        (no shield)
rNeg    . . .        a - +0 robe
rPois   .            b - +0 hat
rElec   .            (no cloak)
rCorr   .            (gloves unavailable)
SInv    .            (boots unavailable)
Will    .....        (no amulet)
Stlth   +            (no ring)
HPRegen 1.04/turn    (no ring)
MPRegen 0.07/turn

%: no passive effects
@: lethally poisoned (0 -> -2)
A: large, unfitting armour, claws 3, regeneration 1, shaggy fur 1, tough skin 1
a: no special abilities


You were on level 2 of the Dungeon.
You visited 1 branch of the dungeon, and saw 2 of its levels.

You collected 97 gold pieces.

Inventory:

Missiles
 c - a throwing net (quivered)
 d - a large rock
Armour
 a - a +0 robe (worn)
 b - a +0 hat (worn)
Jewellery
 h - a ring of see invisible
Scrolls
 g - a scroll of teleportation
 i - a scroll of noise {unknown}
 j - a scroll of identify
Potions
 e - a potion of cancellation
 f - 2 potions of curing {unknown}
 k - a potion of mutation {unknown}


   Skills:
 + Level 2.0 Fighting
 + Level 2.2 Throwing
 + Level 2.7 Dodging
 + Level 3.3 Unarmed Combat


You had one spell level left.
You didn't know any spells.
Your spell library contained the following spells:

 Spells                   Type           Power      Damage    Failure   Level
 Scorch                   Fire           0%         2d5       65%         2
 Flame Wave               Conj/Fire      0%         2d4       99%         4
 Summon Cactus Giant      Summ           0%         N/A       100%        6


Dungeon Overview and Level Annotations

Branches:
Dungeon (2/15)

Altars:

Shops:
D:1 *   D:2 :


Innate Abilities, Weirdness & Mutations

You are too large for most types of armour.
You have claws for hands.
Your natural rate of healing is unusually fast.
You are covered in fur. (AC +1)
You have tough skin. (AC +1)


Message History

You see here a fuming brown potion.
k - a fuming brown potion The bat closely misses you.
You barely miss the bat. Your claw misses the bat. The bat hits you.
The bat closely misses you.
Welcome back, Schmookums the Troll Gladiator.
Press ? for a list of commands and other information.
Unknown command.
The bat closely misses you.
Sorry, you're not good enough to have a special ability.
Unknown command.
The bat barely misses you. x2
The bat attacks as it pursues you! The bat completely misses you.
The bat closely misses you.
A kobold comes into view.
It is wielding a +2 short sword of venom. 2 gnolls come into view.
The gnoll shouts!
The kobold shouts!
The bat misses you.
A gnoll comes into view. It is wielding a +0 halberd.
Found a ring mail.
The gnoll shouts!
The bat closely misses you. The bat barely misses you.
The gnoll hits you but does no damage.
The kobold hits you with a +2 short sword of venom.
The gnoll hits you with a +0 spear. The gnoll closely misses you.
The gnoll barely misses you. The gnoll hits you with a +0 spear.
The bat misses you. The gnoll closely misses you.
The gnoll attacks as it pursues you! The gnoll hits you with a +0 flail.
The gnoll hits you with a +0 halberd. The bat barely misses you.
You barely miss the gnoll. The bat closely misses you.
The kobold hits you with a +2 short sword of venom.
* * * LOW HITPOINT WARNING * * *
You are poisoned.
The gnoll misses you. The gnoll closely misses you.
The gnoll hits you with a +0 spear.
* * * LOW HITPOINT WARNING * * *
You claw the gnoll!
The gnoll is severely wounded.
You die...

#[.....(.......#
#..............#
#..............#
#..............#
#..............#
#..............#
#.....b........#######
#
#...ggK........##.....
.
+...g@.........'......
#
#..............##.....
#####
#..............##.....
....#
#..............##.....
....#
#################.....
....# ###### ....#.
....<. ....#.


You could see 3 gnolls, a bat and a kobold.

Vanquished Creatures
  A ribbon worm (D:2)
  3 endoplasms
  2 goblins
  5 hobgoblins
  A quokka (D:1)
  2 ball pythons
  A bat (D:1)
  A frilled lizard (D:1)
  6 kobolds
  2 rats
24 creatures vanquished.

Notes
Turn   | Place    | Note
-------+----------+-------------------------------------------
     0 | D:1      | Schmookums the Troll Gladiator began the quest for the Orb.
     0 | D:1      | Reached XP level 1. HP: 19/19 MP: 0/0
   224 | D:1      | Reached XP level 2. HP: 28/28 MP: 1/1
   545 | D:1      | Found Jutt's General Store.
   681 | D:2      | Found Liunen's Book Boutique.
   898 | D:2      | Upgraded the game from 0.32-a0-616-g9348d4545b to
                  | 0.32-a0-630-g46d191b0ed
   909 | D:2      | HP: 1/28 [gnoll/+0 spear (5)]
   910 | D:2      | Succumbed to a kobold's poison

Illustrated notes

Levels and vault maps discovered:
D:1:      minmay_arrival_loop, layout_basic, serial_shops, shop, minmay_tripent
D:2:      layout_basic, serial_shops,
          nicolae_shop_temple_entry_statues_fountains

Skill      XL: |  1  2 |
---------------+-------+-----
Throwing       | 2 |  2.2
Fighting       | 2 |  2.0
Dodging        | |  2.7
Unarmed Combat | |  3.3

Action                     || total
---------------------------++-------
  Melee: Unarmed           ||    39
  Throw: Throwing net      ||     3
         Large rock        ||     1
    Use: Scroll            ||     5
 Armour: Robe              ||    27
  Dodge: Dodged            ||    27

Table legend: (Time is in decaauts)
 A = Elapsed time spent in this place.
 B = Non-inter-level travel time spent in this place.
 C = Inter-level travel time spent in this place.
 D = Time resting spent in this place.
 E = Time spent auto-exploring this place.
 F = Levels seen in this place.
 G = Mean time per level.
                   A        B        C        D        E       F      G
               +--------+--------+--------+--------+--------+-----+--------+
         Total |    908 |    719 |    189 |      0 |    524 |   2 |  454.0 |
       Dungeon |    908 |    719 |    189 |      0 |    524 |   2 |  454.0 |
               +--------+--------+--------+--------+--------+-----+--------+

Top non-repeatable levels by time:
     D:1: 587 daAuts
     D:2: 320 daAuts
